 Dungeon Crawl Stone Soup version 0.23-a0-333-g006994f (webtiles) character file.

8234 Garbasso the Nimble (level 11, 0/71 HPs)
             Began as a Tengu Summoner on Oct 17, 2018.
             Was an Elder of Ashenzari.
             Splashed by an oklob plant's acid (7 damage)
             ... on level 3 of the Lair of Beasts.
             The game lasted 01:16:36 (15901 turns).

Garbasso the Nimble (Tengu Summoner)               Turns: 15901, Time: 01:16:37

Health: 0/71       AC:  9    Str:  9    XL:     11   Next: 27%
Magic:  24/27      EV: 12    Int: 19    God:    Ashenzari [****..]
Gold:   485        SH:  6    Dex: 14    Spells: 3/18 levels left

rFire    + . .     SeeInvis +   x - +2 spear (freeze) (curse)
rCold    . . .     Gourm    .   l - +0 buckler (curse)
rNeg     . . .     Faith    .   U - +1 scale mail {rF+}
rPois    .         Spirit   .   O - +1 hat of Failure {MP+9} (curse)
rElec    .         Reflect  .   (no cloak)
rCorr    +         Harm     .   d - +0 pair of gloves
MR       .....     Clarity  +   (boots unavailable)
Stlth    +.........             e - amulet of magic regeneration (curse)
HPRegen  0.21/turn              j - ring of wizardry (curse)
MPRegen  0.45/turn              u - ring of resist corrosion

@: no status effects
A: beak, talons 3, able to fly 1
a: Fly, Curse Item, Scrying, Renounce Religion


You were on level 3 of the Lair of Beasts.
You worshipped Ashenzari.
Ashenzari was greatly pleased with you.
You were not hungry.

You visited 3 branches of the dungeon, and saw 14 of its levels.
You also visited: Ossuary and Volcano.

You collected 734 gold pieces.
You spent 249 gold pieces at shops.

Inventory:

Hand Weapons
 o - a +2 demon whip of flaming
 x - a cursed +2 spear of freezing (weapon)
Missiles
 s - 8 javelins (quivered)
Armour
 d - a +0 pair of gloves (worn)
 l - a cursed +0 buckler (worn)
 z - a +1 leather armour
 O - the cursed +1 hat of Failure (worn) {MP+9}
   (You acquired it on level 10 of the Dungeon)

   It affects your magic capacity (+9).
   It has a curse placed upon it.
 U - a +1 scale mail of fire resistance (worn)
Jewellery
 e - a cursed amulet of magic regeneration (around neck)
 j - a cursed ring of wizardry (left hand)
 u - a ring of resist corrosion (right hand)
 A - an uncursed ring of stealth
 B - an uncursed amulet of the acrobat
 C - an uncursed ring of fire
 D - an uncursed ring of protection from fire
 M - a +3 ring of strength
 N - an uncursed ring of ice
 P - a +6 ring of intelligence
Wands
 a - a wand of polymorph (19)
 h - a wand of enslavement (25)
 n - a wand of iceblast (17)
 r - a wand of paralysis (25)
 y - a wand of clouds (3)
 K - a wand of digging (12)
Scrolls
 f - 6 scrolls of teleportation
 i - 2 scrolls of enchant weapon
 q - 6 scrolls of fear
 t - 6 scrolls of immolation
 v - 2 scrolls of magic mapping
 I - 2 scrolls of brand weapon
 Q - 2 scrolls of fog
Potions
 b - 2 potions of invisibility
 g - a potion of mutation
 k - 2 potions of cancellation
 m - 4 potions of degeneration
 p - 2 potions of lignification
 w - 2 potions of heal wounds
 E - 2 potions of haste
 F - 3 potions of brilliance
 G - 3 potions of agility
 H - a potion of magic
 J - a potion of flight
 L - 3 potions of curing
 T - 3 potions of berserk rage
 V - a potion of might
Comestibles
 c - 5 rations
 S - 8 chunks of flesh


   Skills:
 + Level 9.3 Fighting
 + Level 1.9 Armour
 + Level 10.2 Dodging
 - Level 2.0 Stealth
 - Level 7.1(9.4) Shields
 - Level 0.2 Unarmed Combat
 - Level 4.0 Spellcasting
 + Level 8.7(10.9) Summonings
 - Level 3.0(5.0) Ice Magic
 - Level 3.0(5.0) Air Magic


You had 3 spell levels left.
You knew the following spells:

 Your Spells              Type           Power        Failure   Level  Hunger
b - Call Imp              Summ           #####...     1%          2    ##.....
c - Summon Lightning Spi  Summ/Air       ####....     16%         4    ####...
d - Summon Ice Beast      Ice/Summ       ####....     16%         4    ####...
e - Call Canine Familiar  Summ           #####...     1%          3    ###....
f - Poisonous Vapours     Pois/Air       ##....       22%         2    ##.....

Your spell library contained the following spells:

 Spells                   Type           Power        Failure   Level  Hunger
 Summon Small Mammal      Summ           ####         1%          1    None
 Freeze                   Ice            ###.         6%          1    None
 Summon Guardian Golem    Hex/Summ       ####....     13%         3    ###....
 Throw Frost              Conj/Ice       ##....       22%         2    ##.....
 Infusion                 Chrm           #...         34%         1    None
 Ozocubu's Armour         Chrm/Ice       ##......     38%         3    ###....
 Shroud of Golubria       Chrm/Tloc      #.........   47%         2    ##.....
 Song of Slaying          Chrm           #.......     47%         2    ##.....
 Mephitic Cloud           Conj/Pois/Air  ##......     50%         3    ###....
 Conjure Flame            Conj/Fire      #.......     71%         3    ###....
 Regeneration             Chrm/Necr      #.........   71%         3    ###....
 Spectral Weapon          Hex/Chrm       #.......     71%         3    ###....
 Throw Icicle             Conj/Ice       ##......     78%         4    ####...
 Cause Fear               Hex            #.........   97%         4    ####...
 Silence                  Hex/Air        ##........   98%         5    ######.
 Yara's Violent Unravell  Hex/Tmut       #.........   100%        5    ######.
 Deflect Missiles         Chrm/Air       ##........   100%        6    #######
 Freezing Cloud           Conj/Ice/Air   ###.......   100%        6    #######
 Ring of Flames           Chrm/Fire      #.........   100%        7    #######
 Discord                  Hex            #.........   100%        8    #######


Dungeon Overview and Level Annotations

Branches:
Dungeon (10/15)            Temple (1/1) D:4            Lair (3/6) D:10
 Shoals (0/4) Lair:2       Spider (0/4) Lair:2
    Orc: D:9-12

Altars:
Ashenzari
Cheibriados
Dithmenos
Gozag
Kikubaaqudgha
Makhleb
Nemelex Xobeh
Okawaru
Ru
Sif Muna
Trog
Uskayaw
Wu Jian
Xom
Zin
The Shining One

Shops:
D:4 *   D:9 (*:!

Portals:
Trove: D:10 (show slimy rune of Zot)

Annotations:
Lair:3 exclusion: 2 oklob plants


Innate Abilities, Weirdness & Mutations

You have a beak for a mouth.
You have claws for feet.
You can fly.


Message History

Aiming: Summon Lightning Spire (slightly dangerous; 16% risk of failure)
Press: ? - help, Dir - move target cursor An electric hum fills the air.
Your lightning spire disappears in a puff of smoke!
The oklob plant spits acid at you. The splash of acid hits you! You resist.
You are splashed with acid!
The acid burns!
You resist.
Really walk into a travel-excluded area?
Uppercase [Y]es or [N]o only, please.
Really walk into a travel-excluded area?
The oklob plant spits acid at you. The splash of acid hits you! You resist.
* * * LOW HITPOINT WARNING * * *
You are splashed with acid!
The acid burns!
You resist.
* * * LOW HITPOINT WARNING * * *
The oklob plant spits acid at you. The splash of acid hits you! You resist.
* * * LOW HITPOINT WARNING * * *
You are splashed with acid!
The acid burns!
You resist.
You die...

* * * * ** ** , , **
#[PP$.# * ,*** * * , ,
** #.).$$# , , ,
,,#.$$|.# . , , , , ,,
#..$..# ##.. , , , ,,
,#..$(.##....,.... , *
,, ##P...P#P.........,,
* **,* *
#,,#.................,
** * ** #., #...@8#
,......., * #..##.#..##
*,......, ##.#P...###
###..# ***
####......รท..###P..#*
#............P#....#
##..............#...# #
#..............##...##
##
.........[.....#...#.#
##.
*#...................###
#..


You could see 2 oklob plants and a friendly lightning spire.

Vanquished Creatures
  A red draconian (Volcano)
  A merfolk siren (Lair:2)
  A blink frog (Lair:1)
  2 yaks (D:9)
  A water moccasin (D:10)
  A phantom (D:10)
  A sky beast (D:10)
  An eye of draining (D:9)
  A crocodile (Lair:2)
  A bullfrog (Lair:1)
  3 killer bees (D:9)
  A crimson imp (D:9)
  2 centaur zombies
  3 orc priests
  A bullfrog skeleton (D:7)
  A centaur skeleton (D:8)
  A worker ant (D:10)
  A big kobold zombie (Ossuary)
  A howler monkey skeleton (D:10)
  2 adders
  2 shadow imps (D:9)
  3 adder zombies
  An adder skeleton (D:6)
  A worm (D:6)
  2 dart slugs (D:1)
  3 orcs
  10 bats
  2 giant cockroaches
  6 goblins
  A hobgoblin (D:3)
  2 jackals (D:10)
  3 kobolds
  A quokka (D:2)
  6 frilled lizards
  A gnoll zombie (Ossuary)
  2 hobgoblin zombies (Ossuary)
  3 kobold zombies (Ossuary)
  A leopard gecko zombie (D:6)
  An orc zombie (Ossuary)
  7 rats
  4 fungi (D:5)
  A plant (D:10)
90 creatures vanquished.

Vanquished Creatures (collateral kills)
  A two-headed ogre (D:10)
  An unseen horror (D:9)
  Pikel (D:4)
  3 oklob plants
  A salamander (Volcano)
  A merfolk siren (Lair:2)
  4 spiny frogs
  A komodo dragon (Lair:3)
  A queen bee (D:9)
  A troll (D:10)
  A jumping spider (Lair:2)
  2 merfolk
  2 blink frogs (Lair:1)
  2 hippogriffs
  A wyvern (D:9)
  7 yaks
  2 redbacks (Lair:2)
  A wraith (D:10)
  A hungry ghost (D:10)
  A basilisk (Lair:3)
  A porcupine (Lair:3)
  2 orc warriors
  4 water moccasins
  A slave (D:4)
  2 black bears
  3 ice beasts
  A sky beast (D:6)
  3 ogres
  2 centaurs
  4 crocodiles
  5 bullfrogs
  A water moccasin zombie (D:6)
  2 scorpions
  7 killer bees (D:9)
  4 wights
  A howler monkey (D:4)
  2 crimson imps
  A bullfrog zombie (D:9)
  2 hounds
  4 orc priests
  2 jellies
  A bullfrog skeleton (D:9)
  Natasha (thrice) (D:4)
  An iguana (D:9)
  3 orc wizards
  5 worker ants
  3 big kobold zombies (Ossuary)
  A hound skeleton (D:6)
  2 mummies (Ossuary)
  2 worker ant zombies
  8 gnolls
  8 adders
  3 adder zombies (Ossuary)
  3 worms
  11 orcs
  A ball python (D:3)
  A bat (D:3)
  2 gnoll zombies (Ossuary)
  5 goblins
  3 hobgoblins
  4 jackals (D:10)
  A quokka (D:9)
  3 frilled lizards (D:1)
  3 hobgoblin zombies (Ossuary)
  3 kobolds
  2 kobold zombies (Ossuary)
  2 orc zombies (Ossuary)
  A plant (Lair:3)
174 creatures vanquished.

Vanquished Creatures (others)
  2 plants (Lair:3)
2 creatures vanquished.

Grand Total: 266 creatures vanquished

Notes
Turn   | Place    | Note
-------+----------+-------------------------------------------
     0 | D:1      | Garbasso the Tengu Summoner began the quest for the Orb.
     0 | D:1      | Reached XP level 1. HP: 10/10 MP: 4/4
    55 | D:1      | Reached skill level 5 in Summonings
   152 | D:1      | Reached XP level 2. HP: 15/16 MP: 1/6
   156 | D:1      | Learned a level 2 spell: Call Imp
  1115 | D:2      | Reached XP level 3. HP: 20/20 MP: 1/7
  1765 | D:2      | Reached skill level 1 in Fighting
  2517 | D:3      | Reached XP level 4. HP: 24/25 MP: 2/8
  2526 | D:3      | Learned a level 4 spell: Summon Lightning Spire
  3616 | D:4      | Noticed Natasha
  3697 | D:4      | Killed Natasha
  3873 | D:4      | Found a staircase to the Ecumenical Temple.
  3877 | Temple   | Entered the Ecumenical Temple
  3903 | Temple   | Became a worshipper of Ashenzari the Shackled
  4008 | D:4      | Found a bloodstained altar of Trog.
  4023 | D:4      | Reached skill level 1 in Air Magic
  4108 | D:4      | Gained mutation: You can fly. [Tengu growth]
  4108 | D:4      | Reached XP level 5. HP: 25/30 MP: 5/9
  4277 | D:4      | Found a glowing silver altar of Zin.
  4351 | D:4      | Found Ikhlef's General Store.
  4359 | D:4      | Bought a scroll of magic mapping for 35 gold pieces
  4423 | D:4      | Noticed Natasha
  4435 | D:4      | Killed Natasha
  4715 | D:4      | Noticed a slave
  4716 | D:4      | Noticed Pikel
  4717 | D:4      | Noticed a slave
  4719 | D:4      | Noticed a slave
  4729 | D:4      | Noticed a slave
  4751 | D:4      | Killed a slave
  4751 | D:4      | Killed Pikel
  4751 | D:4      | Reached skill level 3 in Dodging
  4751 | D:4      | Reached XP level 6. HP: 11/36 MP: 9/11
  4751 | D:4      | Reached XP level 7. HP: 13/40 MP: 9/12
  5183 | D:4      | Found a burning altar of Makhleb.
  5183 | D:4      | Noticed an Executioner
  5275 | D:4      | Noticed Natasha
  5280 | D:4      | Killed Natasha
  5326 | D:5      | Entered Level 5 of the Dungeon
  5710 | D:5      | Learned a level 4 spell: Summon Ice Beast
  5850 | D:5      | Noticed a hippogriff
  5865 | D:5      | Killed a hippogriff
  5865 | D:5      | Reached skill level 1 in Ice Magic
  6863 | D:6      | Found a snail-covered altar of Cheibriados.
  6872 | D:6      | Reached * piety under Ashenzari
  6953 | D:6      | Reached skill level 4 in Dodging
  7072 | D:6      | Reached XP level 8. HP: 46/46 MP: 14/14
  7095 | D:6      | Learned a level 3 spell: Call Canine Familiar
  7186 | D:6      | Reached skill level 1 in Shields
  7451 | D:7      | Found a sacrificial altar of Ru.
  7917 | D:7      | Found a shadowy altar of Dithmenos.
  8488 | D:8      | Found a sand-covered staircase.
  8523 | Ossuary  | Entered an ossuary
  8591 | Ossuary  | Reached skill level 5 in Dodging
  9045 | D:8      | Reached ** piety under Ashenzari
  9273 | D:8      | Reached XP level 9. HP: 9/52 MP: 3/16
  9535 | D:8      | Found an ornate altar of the Wu Jian Council.
  9903 | D:9      | Found Fani's Distillery.
  9906 | D:9      | Bought a potion of curing for 42 gold pieces
  9906 | D:9      | Bought a potion of curing for 42 gold pieces
  9978 | D:9      | Reached skill level 5 in Fighting
  9992 | D:9      | Found Rofogodd's Weapon Emporium.
 10001 | D:9      | Found Quydeitu's Assorted Antiques.
 10004 | D:9      | Bought 3 scrolls labeled EDO XAVIAHU for 78 gold pieces
 10004 | D:9      | Bought a scroll of identify for 52 gold pieces
 10284 | D:9      | Found Ovuakkit's Book Shop.
 10319 | D:9      | Learned a level 2 spell: Poisonous Vapours
 10349 | D:9      | Reached skill level 5 in Shields
 10359 | D:9      | Reached skill level 6 in Dodging
 10807 | D:9      | Noticed a queen bee
 10946 | D:9      | Found a sparkling altar of Nemelex Xobeh.
 10967 | D:9      | HP: 1/55 [something (7)]
 10971 | D:9      | Killed an unseen horror
 11074 | D:9      | HP: 2/55 [killer bee (9)]
 11104 | D:9      | Killed a queen bee
 11104 | D:9      | Reached skill level 7 in Dodging
 11104 | D:9      | Reached XP level 10. HP: 6/60 MP: 6/17
 11412 | D:10     | Entered Level 10 of the Dungeon
 11429 | D:10     | Found a portal to a secret trove of treasure.
 11505 | D:10     | Noticed an oklob plant
 11520 | D:10     | Killed an oklob plant
 11521 | D:10     | Found a staircase to the Lair.
 11537 | D:10     | Noticed a two-headed ogre
 11573 | D:10     | Killed a two-headed ogre
 11940 | D:10     | Identified a scroll of acquirement
 11941 | D:10     | Got the cursed hat of Failure {MP+9}
 11947 | D:10     | Identified the cursed +1 hat of Failure {MP+9} (You
                  | acquired it on level 10 of the Dungeon)
 12070 | D:10     | Reached *** piety under Ashenzari
 12402 | Lair:1   | Entered Level 1 of the Lair of Beasts
 12466 | Lair:1   | Reached skill level 8 in Dodging
 12483 | Lair:1   | Noticed a spiny frog
 12489 | Lair:1   | Killed a spiny frog
 13269 | Lair:2   | Found a staircase to the Shoals.
 13269 | Lair:2   | Noticed a merfolk siren
 13648 | Lair:2   | Reached skill level 9 in Dodging
 13649 | Lair:2   | Noticed a merfolk siren
 13656 | Lair:2   | Killed a merfolk siren
 13664 | Lair:2   | Killed a merfolk siren
 13764 | Lair:2   | Found a dark tunnel.
 13771 | Volcano  | Entered a volcano
 13771 | Volcano  | Reached **** piety under Ashenzari
 13788 | Volcano  | Noticed a salamander
 13806 | Volcano  | Killed a salamander
 13875 | Volcano  | Noticed a red draconian
 13915 | Volcano  | Killed a red draconian
 13915 | Volcano  | Reached XP level 11. HP: 13/69 MP: 9/18
 14196 | Volcano  | Noticed a salamander
 14196 | Volcano  | Noticed a salamander mystic
 14211 | Volcano  | Noticed a salamander
 14659 | Lair:2   | Found a hole to the Spider Nest.
 15091 | Lair:3   | Reached skill level 10 in Dodging
 15280 | Lair:3   | Reached skill level 1 in Armour
 15714 | Lair:3   | Noticed an oklob plant
 15757 | Lair:3   | Noticed an oklob plant
 15772 | Lair:3   | Killed an oklob plant
 15896 | Lair:3   | Killed an oklob plant
 15897 | Lair:3   | Noticed an oklob plant
 15897 | Lair:3   | Noticed an oklob plant
 15901 | Lair:3   | Splashed by an oklob plant's acid

Vault maps used:
D:1:      tarquinn_simple_flora_water_b, serial_forest,
          infiniplex_forest_corner_1, infiniplex_forest_straight_5,
          infiniplex_forest_clump_curved, infiniplex_forest_lined_3,
          infiniplex_forest_straight_2, infiniplex_forest_lined_corner,
          infiniplex_forest_lined_2, infiniplex_forest_corner_1,
          infiniplex_forest_straight_2, glass_columns_b
D:3:      first_ration
D:4:      kennysheep_mini, zin_scriptorium, minmay_temple_entry_glassed_door,
          serial_shops, shop, makhleb_altar_promises_db, uniq_pikel,
          uniq_natasha
D:5:      water_boxes_lemuel
D:6:      cheibrodos_worm_habitat
D:7:      grunt_dithmenos_smoke, minivault_11, nicolae_ru_the_path_less_chosen
D:8:      marbit_many_paths, nicolae_ossuary_entry_ruins,
          minmay_misc_feat_ornament
D:9:      cheibrodos_iron_armory, nicolae_overflow_crystal_walls, serial_shops,
          shop, shop, shop, shop, nicolae_shop_behind_doors, david_nohive_1
D:10:     dpeg_oklobed_lair, nicolae_trove_entry_crossroad,
          kennysheep_generic_room_10
Temple:   eino_temple_rhombus
Lair:1:   grunt_megastairs_1, infiniplex_staircase_pool
Lair:2:   elwin_shoals_entry_stream, spider_nest_entry_a, enter_volcano_4
Lair:3:   minmay_lair_oklob_chamber, serial_bayou_shore_b
Ossuary:  ossuary_tomb_2
Volcano:  volcano_pools

Skill      XL: |  1  2  3  4  5  6  7  8  9 10 11 |
---------------+----------------------------------+-----
Summonings     | 5 6 7 8 |  8.7
Fighting       | 1 2 3 4 6 8 9 |  9.3
Air Magic      | 1 2 3 |  3.0
Dodging        | 3 4 5 7 9 10 | 10.2
Spellcasting   | 3 4 |  4.0
Ice Magic      | 2 3 |  3.0
Shields        | 4 7 |  7.1
Armour         | 1 |  1.9
Stealth        | |  2.0
Unarmed Combat | |  0.2

Action                   |  1- 3 |  4- 6 |  7- 9 | 10-12 || total
-------------------------+-------+-------+-------+-------++-------
Melee: Unarmed           |    43 |       |       |       ||    43
       Kick              |    19 |     5 |    41 |    17 ||    82
       Peck              |     3 |     5 |    34 |     5 ||    47
       Mace              |    38 |    27 |       |       ||    65
       Spear             |       |    10 |   285 |    76 ||   371
Throw: Javelin           |       |       |     2 |     4 ||     6
 Cast: Summon Small Mamm |    13 |       |     2 |       ||    15
       Call Imp          |    38 |    18 |    26 |     5 ||    87
       Summon Lightning  |       |     7 |    39 |    50 ||    96
       Summon Ice Beast  |       |       |    23 |    21 ||    44
       Poisonous Vapours |       |       |     9 |     5 ||    14
       Call Canine Famil |       |       |     6 |     2 ||     8
Invok: Curse Item        |       |     1 |     4 |       ||     5
 Abil: Fly               |       |     1 |    16 |    17 ||    34
Evoke: Wand              |       |       |     1 |     1 ||     2
  Use: Scroll            |       |       |    23 |     9 ||    32
       Potion            |       |       |    12 |     3 ||    15
 Stab: Sleeping          |     7 |     2 |     4 |     1 ||    14
       Distracted        |     1 |       |     3 |     3 ||     7
       Paralysed         |       |       |     2 |       ||     2
  Eat: Chunk             |     8 |     3 |    14 |    15 ||    40
       Ration            |       |     2 |     7 |     4 ||    13
Armor: Robe              |    24 |    14 |       |       ||    38
       Leather armour    |       |       |    33 |     6 ||    39
       Skin              |       |       |    10 |       ||    10
       Scale mail        |       |       |       |     2 ||     2
Dodge: Dodged            |    76 |    41 |   158 |    64 ||   339
Block: Buckler           |       |       |    30 |    23 ||    53

Table legend:
 A = Non-vault XP
 B = Vault XP
 C = Vault XP percentage of total XP
 D = Non-vault monster count
 E = Vault monster count
 F = Vault count percentage of total count
                 A         B        C        D         E       F
            +---------+---------+-------+---------+---------+-------
      Total |    6876 |    4888 |  41.6 |     196 |      61 |  23.7
            +---------+---------+-------+---------+---------+-------
        D:1 |      30 |       0 |   0.0 |      23 |       0 |   0.0
        D:2 |      25 |       0 |   0.0 |      16 |       0 |   0.0
        D:3 |      49 |       0 |   0.0 |      23 |       0 |   0.0
        D:4 |     149 |     392 |  72.5 |      11 |       2 |  15.4
        D:5 |     311 |       0 |   0.0 |      11 |       0 |   0.0
        D:6 |     559 |       4 |   0.7 |      16 |       1 |   5.9
        D:7 |     359 |       0 |   0.0 |      11 |       0 |   0.0
        D:8 |     370 |      59 |  13.8 |      13 |       1 |   7.1
        D:9 |    1771 |     494 |  21.8 |      28 |       8 |  22.2
       D:10 |    1254 |     328 |  20.7 |      24 |       3 |  11.1
     Lair:1 |     700 |     762 |  52.1 |       7 |       6 |  46.2
     Lair:2 |     522 |    1016 |  66.1 |       5 |       6 |  54.5
     Lair:3 |     777 |     882 |  53.2 |       8 |       5 |  38.5
    Ossuary |       0 |     134 | 100.0 |       0 |      27 | 100.0
    Volcano |       0 |     817 | 100.0 |       0 |       2 | 100.0
            +---------+---------+-------+---------+---------+-------
